 Dungeon Crawl Stone Soup version 0.28.0-53-g5a82cb258f (webtiles) character file.

Game seed: 7404658408756029325

56 Descartes the Shield-Bearer (level 3, -8/23 HPs)
             Began as an Octopode Wanderer on June 22, 2022.
             Splashed by a jelly's acid (9 damage)
             ... on level 4 of the Dungeon.
             The game lasted 00:02:10 (2296 turns).

Descartes the Shield-Bearer (Octopode Wanderer)     Turns: 2296, Time: 00:02:13

Health: -8/23      AC: -3    Str: 13    XL:     3   Next: 95%
Magic:  3/3        EV: 11    Int: 12    God:
Gold:   45         SH:  7    Dex: 13    Spells: 2/2 levels left

rFire   . . .      SeeInvis .   a - +0 mace
rCold   . . .      Faith    .   b - +2 buckler
rNeg    . . .      Spirit   .   (helmet restricted)
rPois   .          Reflect  .   (no amulet)
rElec   .          Harm     .   (no ring)
rCorr   .          Rampage  .   (no ring)
Will    .....                   (no ring)
Stlth   +++.......              (no ring)
HPRegen 0.07/turn               (no ring)
MPRegen 0.08/turn               (no ring)
                                (no ring)
                                (no ring)

@: corroded
A: almost no armour, amphibious, 8 rings, camouflage 1, gelatinous body 1,
(nimble swimmer 1), tentacles
a: no special abilities


You were on level 4 of the Dungeon.
You visited 1 branch of the dungeon, and saw 3 of its levels.

You collected 45 gold pieces.

Inventory:

Hand Weapons
 a - a +0 mace (weapon)
 d - a +0 dagger
Missiles
 c - 8 poisoned darts (quivered)
Armour
 b - a +2 buckler (worn)
Scrolls
 e - a scroll of amnesia {unknown}
 f - a scroll of enchant armour {unknown}
 i - a scroll of noise {unknown}
 l - 3 scrolls of identify {unknown}
Potions
 g - a potion of curing {unknown}
 h - a potion of magic {unknown}
 j - a potion of degeneration {unknown}
 k - a potion of lignification {unknown}
 m - a potion of attraction {unknown}
 n - a potion of might {unknown}
 o - a potion of flight {unknown}


   Skills:
 - Level 1.0 Fighting
 - Level 3.0 Maces & Flails
 - Level 2.0 Throwing
 + Level 3.4 Stealth
 + Level 4.7 Shields


You had 2 spell levels left.
You didn't know any spells.
Your spell library was empty.

Dungeon Overview and Level Annotations

Branches:
Dungeon (2/15)

Altars:
Hepliaklqana

Annotations:
D:2 1 runed translucent door, Crazy Yiuf


Innate Abilities, Weirdness & Mutations

You cannot wear most types of armour.
You are amphibious.
You can wear up to eight rings at the same time.
Your skin changes colour to match your surroundings (Stealth+).
Your rubbery body absorbs attacks. (AC +1, EV +1)
((You are camouflaged when in or above water. (Stealth+)))
You have tentacles for arms and can constrict up to eight enemies at once.


Message History

No target in view!
No target in view!
No target in view!
No target in view!
No target in view!
No target in view!
A ball python comes into view.
The ball python moves out of view.
A kobold comes into view. It is wielding a +0 short sword.
A hobgoblin comes into view.
A sourceless malevolence fills the Dungeon...
You fall into a shaft and drop 2 floors!
The shaft crumbles and collapses.
Found a stone staircase leading down.
No target in view!
Found 20 stones.
No target in view!
A jelly comes into view.
You see here 20 stones.
You see here a book of Minor Magic.
The helpless jelly fails to defend itself.
You hit the jelly.
Your tentacles burn!
The jelly is moderately wounded.
The jelly hits you.
You are splashed with acid!
You are too injured to fight recklessly!
You are too injured to fight recklessly!
You are too injured to fight recklessly!
You are too injured to fight recklessly!
You are too injured to fight recklessly!
You are too injured to fight recklessly!
You are too injured to fight recklessly!
You are too injured to fight recklessly!
You are too injured to fight recklessly!
You hit the jelly.
Your tentacles burn!
* * * LOW HITPOINT WARNING * * *
The jelly is heavily wounded.
The jelly hits you.
* * * LOW HITPOINT WARNING * * *
The acid corrodes you!
You are splashed with acid!
You die...

.. # #.##. #.#.#
#.... #...# #...#
#.J.# #
#..@####..#
#.........#
##.#:###.##+###
...#..# .......
..#####(##.......
#. #..#....... #
##.#.......
#.........
#########.......$


You could see a jelly.

Vanquished Creatures
  An adder (D:2)
  3 gnolls (D:2)
  A dart slug (D:1)
  6 bats
  An endoplasm (D:1)
  A giant cockroach (D:1)
  3 goblins (D:1)
  4 hobgoblins (D:1)
  8 kobolds
  A ball python (D:1)
  2 frilled lizards
  3 rats
34 creatures vanquished.

Notes
Turn   | Place    | Note
-------+----------+-------------------------------------------
     0 | D:1      | Descartes the Octopode Wanderer began the quest for the
                  | Orb.
     0 | D:1      | Descartes set off with the following items: a +0 mace, a +2
                  | buckler, 8 poisoned darts, a +0 dagger
     0 | D:1      | Reached XP level 1. HP: 13/13 MP: 1/1
   102 | D:1      | Found a faded altar of an unknown god.
   139 | D:1      | Reached skill level 1 in Stealth
   162 | D:1      | Prayed at the altar of an unknown god.
   162 | D:1      | Became a worshipper of Hepliaklqana the Forgotten
   162 | D:1      | Reached * piety under Hepliaklqana
   163 | D:1      | Fell from the grace of Hepliaklqana
  1376 | D:1      | Was forgiven by Hepliaklqana
  1434 | D:1      | Reached XP level 2. HP: 18/18 MP: 2/2
  1571 | D:2      | Reached XP level 3. HP: 9/23 MP: 3/3
  2205 | D:2      | Found a runed translucent door.
  2206 | D:2      | Noticed Crazy Yiuf
  2283 | D:2      | You fall into a shaft and drop 2 floors!
  2296 | D:4      | HP: 1/23 [jelly (1)]
  2296 | D:4      | Splashed by a jelly's acid

Illustrated notes

Levels and vault maps discovered:
D:1:      saegor_arrival_simple_d, layout_basic, ebering_ecumenical_altar_hall
D:2:      layout_basic, uniq_crazy_yiuf_cottage
D:4:      layout_basic, minmay_temple_entry_antechambers, serial_shops,
          nicolae_shop_trees, nicolae_shop_stone, nicolae_lakefront_shop,
          grunt_decor_junction, uniq_ijyb, uniq_grinder, uniq_natasha

Skill      XL: |  1  2  3 |
---------------+----------+-----
Stealth        | 1 2 3 |  3.4
Fighting       | |  1.0
Maces & Flails | |  3.0
Throwing       | |  2.0
Shields        | |  4.7

Action                   || total
-------------------------++-------
Melee: Mace              ||    63
       Constrict         ||    16
       Tentacles         ||     8
       Punch             ||     2
Invok: Renounce Religion ||     1
 Stab: Sleeping          ||     8
Armor: Skin              ||     5
Dodge: Dodged            ||    25
Block: Buckler           ||    25
